 Dungeon Crawl Stone Soup version 0.21.1-1-g345015f (webtiles) character file.

49 inc the Scratcher (level 3, -1/17 HPs)
             Began as a Felid Chaos Knight on Feb 22, 2018.
             Slain by a scorpion (9 damage)
             ... on level 4 of the Dungeon.
             The game lasted 00:09:09 (2052 turns).

inc the Scratcher (Felid Chaos Knight)              Turns: 2052, Time: 00:09:09

Health: -1/17      AC:  1    Str:  8    XL:     3   Next: 53%
Magic:  4/4        EV: 19    Int: 14    God:    Xom [....*.]
Gold:   91         SH:  0    Dex: 15    Spells: 2/2 levels left
                                        Lives:  0   Deaths: 1

rFire    . . .     SeeInvis +     - Unarmed
rCold    . . .     Gourm    .   (shield unavailable)
rNeg     . . .     Faith    .   (armour unavailable)
rPois    .         Spirit   .   (helmet unavailable)
rElec    .         Reflect  .   (cloak unavailable)
rCorr    .         Harm     .   (gloves unavailable)
MR       +....     Rnd*Tele +   (boots unavailable)
Stlth    +.........             c - amulet of regeneration
HPRegen  0.45/turn              d - ring of teleportation
MPRegen  0.09/turn              r - ring of protection from magic

@: flying, quick
A: very small, no armour, no weapons or thrown items, stealth, claws 1, fangs 3,
see invisible, carnivore, speed 1, shaggy fur 1, slow metabolism 1, sharp paws
a: Renounce Religion


You were on level 4 of the Dungeon.
You worshipped Xom.
You were a beloved toy of Xom.
You were not hungry.

You visited 1 branch of the dungeon, and saw 4 of its levels.
You also visited: Sewer.

You collected 91 gold pieces.

Inventory:

Jewellery
 c - an amulet of regeneration (around neck)
 d - a ring of teleportation (left paw)
 i - an uncursed amulet of magic regeneration
 m - an uncursed ring of loudness
 r - a ring of protection from magic (right paw)
Wands
 o - a wand of flame (22)
Scrolls
 b - 5 scrolls of identify
 f - a scroll of blinking {unknown}
 g - 3 scrolls of fear {unknown}
 h - 2 scrolls of remove curse
 p - a scroll of enchant armour {unknown}
Potions
 e - a potion of agility {unknown}
 k - 3 potions of degeneration
 n - 2 potions of berserk rage {unknown}
 q - a potion of haste
Comestibles
 a - 4 rations


   Skills:
 - Level 3.0 Fighting
 + Level 3.8 Dodging
 - Level 5.1 Unarmed Combat


You had 2 spell levels left.
You didn't know any spells.

Dungeon Overview and Level Annotations

Branches:
Dungeon (4/15)             Temple (0/1) D:4

Altars:
Ashenzari
Ru

Annotations:
D:3 grindst0ne's ghost, amateur FoAM


Innate Abilities, Weirdness & Mutations

You cannot wear armour.
You are incapable of wielding weapons or throwing items.
Your paws allow you to move quietly. (Stealth)
You have sharp claws.
You have razor-sharp teeth.
You have supernaturally acute eyesight. (SInv)
You are carnivorous and can eat meat at any time.
You cover ground quickly.
You are covered in fur. (AC +1)
You have a slow metabolism.
Your sharp claws are effective at attacking unaware monsters.


Message History

You scratch the scorpion. Your bite misses the scorpion.
The scorpion is moderately wounded.
The scorpion completely misses you.
You scratch the scorpion but do no damage.
The scorpion is moderately wounded.
The scorpion stings you.
You claw the scorpion!
The scorpion is severely wounded.
The scorpion closely misses you.
It was a potion of curing.
You feel better. The scorpion stings you!
Ouch! That really hurt!
It was a potion of flight.
You feel very buoyant.
You fly up into the air.
Xom roars with laughter!
Xom's power touches on a nearby monster.
The scorpion flickers and vanishes for a moment.
The scorpion stings you!
Ouch! That really hurt!
You die...

... .(# .. ...# ...##.
..⌠.##+.#.⌠# ..........
...# #.......#####..
#...........#.. ..
+..._...+...+.+#######.
#.......#...#........#.
#....s@..####........#.
#.........#...........PP
#⌠.##+##.⌠...........♣P.
..# ####.......>.P♣♣♣ .
#...........P♣..♣
#............)...
...######......... ...
#..####### .. #..# ###


You could see a scorpion (invisible).

Vanquished Creatures
  3 oozes
  A worm (D:4)
  2 dart slugs (D:2)
  4 leopard geckos
  5 orcs
  4 giant cockroaches
  4 goblins
  5 hobgoblins
  2 jackals (D:1)
  3 kobolds
  10 bats
  3 frilled lizards
  13 rats
59 creatures vanquished.

Vanquished Creatures (collateral kills)
  An orc priest (D:3)
  An orc (D:3)
2 creatures vanquished.

Grand Total: 61 creatures vanquished

Notes
Turn   | Place    | Note
-------+----------+-------------------------------------------
     0 | D:1      | inc the Felid Chaos Knight began the quest for the Orb.
     0 | D:1      | Reached XP level 1. HP: 10/10 MP: 2/2
   135 | D:1      | XOM: butterfly on damage
   140 | D:1      | XOM: smoke on damage
   148 | D:1      | Reached XP level 2. HP: 9/14 MP: 3/3
   516 | D:1      | Reached skill level 4 in Unarmed Combat
   658 | D:2      | XOM: butterfly on damage
   705 | D:2      | Reached XP level 3. HP: 14/17 MP: 4/4
  1001 | D:2      | XOM: silly message
  1065 | D:2      | XOM: harmless Conj miscast
  1094 | D:2      | Found a sacrificial altar of Ru.
  1147 | D:2      | XOM is BORED!
  1147 | D:2      | XOM: mild Summ miscast
  1159 | D:2      | XOM: harmless Necr miscast
  1267 | D:3      | Noticed grindst0ne's ghost (amateur FoAM)
  1267 | D:3      | XOM: enchant monster (good)
  1301 | D:3      | Reached skill level 5 in Unarmed Combat
  1301 | D:3      | Reached XP level 4. HP: 21/21 MP: 5/5
  1339 | D:3      | XOM: confuse monster(s)
  1379 | D:3      | XOM: harmless Hex miscast
  1407 | D:3      | XOM: harmless Ice miscast
  1513 | D:3      | XOM: harmless Necr miscast
  1517 | D:3      | Found a glowing drain.
  1522 | Sewer    | Entered a sewer
  1534 | Sewer    | Noticed Purgy
  1545 | Sewer    | XOM: smoke on damage
  1547 | Sewer    | XOM: summons 2 hostile demons
  1555 | Sewer    | XOM: 2-stop teleportation journey
  1743 | D:3      | Slain by an iguana
  1744 | D:3      | Reached XP level 3. HP: -5/17 MP: 4/4
  1746 | D:3      | XOM: harmless Air miscast
  1813 | D:4      | Found a staircase to the Ecumenical Temple.
  2039 | D:4      | Found a shattered altar of Ashenzari.
  2040 | D:4      | Noticed a scorpion
  2052 | D:4      | XOM: enchant monster (bad)
  2052 | D:4      | Slain by a scorpion

Skill      XL: |  1  2  3 |
---------------+----------+-----
Unarmed Combat | 4 5 |  5.1
Fighting       | |  3.0
Dodging        | |  3.8

Action                   |  1- 3 |  4- 6 || total
-------------------------+-------+-------++-------
Melee: Unarmed           |   163 |    43 ||   206
       Bite              |    16 |     4 ||    20
       Punch             |     5 |     2 ||     7
  Use: Potion            |     3 |       ||     3
       Scroll            |       |     2 ||     2
 Stab: Sleeping          |     4 |       ||     4
  Eat: Chunk             |     6 |       ||     6
Armor: Skin              |     8 |     8 ||    16
Dodge: Dodged            |   148 |    75 ||   223
